AoeStats
← ChenH

Oasis

509389492Analyzed
4v4 RM · 7d ago on Sep 26, 2026· 18m 44s· 8 players
Game mode
Random Map
Map size
Large (8 player)
Population
200
Speed
Normal
Resources
Standard
Victory
Conquest
Starting age
Dark Age
Ending age
Imperial Age
RankedLock teamsTeams togetherTeam positionsShared explorationLock speedFull tech treeHidden civsTurbo modeCheats
Victory
Defeat
🇨🇳 Mongols · China
1343
+12
🇭🇰 Huns · Hong Kong SAR China
1298
+14
🇨🇳 Khmer · China
1288
+14
🇺🇸 Magyars · United States
1173
+20
🇨🇳 Chinese · China
1271
-16
🇹🇼 Poles · Taiwan
1263
-15
🇺🇸 Romans · United States
1251
-15
🇨🇳 Italians · China
1229
-14
Red
9:43 Feudal Age
8:08 Loom
11:48 Bloodlines
12:42 Horse Collar
14:29 Scale Barding Armor
15:27 Forging
有个小草
10:40 Feudal Age
16:31 Castle Age
14:20 Loom
16:35 Castle Age
16:00 Double-Bit Axe
BuFu1
4:26 Loom
10:28 Feudal Age
10:44 Loom
Inklimus
0:26 Loom
10:45 Feudal Age
14:42 Forging
见不久好
9:46 Feudal Age
14:29 Castle Age
13:34 Loom
ChenH
11:16 Feudal Age
12:53 Bloodlines
dy小妖
2:49 Loom
9:08 Feudal Age
10:11 Double-Bit Axe
15:42 Horse Collar
16:36 Forging
武帝曹操
8:55 Feudal Age
11:37 Loom
19:59 Castle Age
18:28 Scale Barding Armor
19:06 Bloodlines
19:18 Forging
Connection lost

Rejoining the realm…

Still unreachable

The connection could not be restored.

Session expired

The server has moved on; the page needs a fresh start.